 Dungeon Crawl Stone Soup version 0.27-a0-223-ge082b6e869 (console) character file.

Game seed: 2034154660682521504

56 Gather the Chiller (level 3, -1/21 HPs)
             Began as an Octopode Ice Elementalist on Feb 1, 2021.
             Slain by an ogre
             ... wielding a +0 giant club
              (10 damage)
             ... on level 2 of the Dungeon.
             The game lasted 00:05:29 (1410 turns).

Gather the Chiller (Octopode Ice Elementalist)      Turns: 1410, Time: 00:05:30

Health: -1/21      AC:  7    Str:  7    XL:     3   Next: 95%
Magic:  1/6        EV: 13    Int: 18    God:
Gold:   104        SH:  0    Dex: 12    Spells: 2/6 levels left

rFire    . . .     SeeInvis +   c - +0 dagger
rCold    + . .     Faith    .   (no shield)
rNeg     . . .     Spirit   .   (helmet restricted)
rPois    +         Reflect  .   (no amulet)
rElec    .         Harm     .   g - ring of see invisible
rCorr    .         Rampage  .   i - ring of protection from cold
Will     .....                  l - ring of poison resistance
Stlth    +++.......             (no ring)
HPRegen  0.07/turn              (no ring)
MPRegen  0.10/turn              (no ring)
                                (no ring)
                                (no ring)

@: icy armour
A: almost no armour, stealthy swim, amphibious, 8 rings, constrict 8, camouflage
1, gelatinous body 1
a: no special abilities


You were on level 2 of the Dungeon.
You visited 1 branch of the dungeon, and saw 2 of its levels.

You collected 104 gold pieces.

Inventory:

Hand Weapons
 c - a +0 dagger (weapon)
 d - a +0 short sword
 h - a +0 hunting sling
 r - a +0 short sword
Missiles
 b - 67 stones
 f - 70 arrows
Jewellery
 g - a ring of see invisible (left tentacle)
 i - a ring of protection from cold (right tentacle)
 l - a ring of poison resistance (on tentacle)
Scrolls
 e - a scroll of teleportation {unknown}
 k - 2 scrolls of magic mapping {unknown}
 p - a scroll of immolation {unknown}
Potions
 a - 2 potions of brilliance {unknown}
 j - 2 potions of degeneration {unknown}
 m - a potion of magic {unknown}
 n - a potion of haste {unknown}
 o - a potion of cancellation {unknown}
 q - a potion of ambrosia {unknown}


   Skills:
 - Level 2.0 Dodging
 - Level 2.6 Stealth
 - Level 2.0 Spellcasting
 + Level 5.4 Ice Magic


You had 2 spell levels left.
You knew the following spells:

 Your Spells              Type           Power        Failure   Level
a - Freeze                Ice            84%          1%          1
i - Ozocubu's Armour      Ice            21%          6%          3

Your spell library contained the following spells:

 Spells                   Type           Power        Failure   Level
 Frozen Ramparts          Ice            42%          6%          3
 Hailstorm                Conj/Ice       11%          52%         4
 Summon Ice Beast         Ice/Summ       11%          52%         4


Dungeon Overview and Level Annotations

Branches:
Dungeon (2/15)

Altars:


Innate Abilities, Weirdness & Mutations

You cannot wear most types of armour.
You are very stealthy in the water. (Stealth+)
You are amphibious.
You can wear up to eight rings at the same time.
You can use your tentacles to constrict eight enemies at once.
Your skin changes colour to match your surroundings (Stealth+).
Your rubbery body absorbs attacks. (AC +1, EV +1)


Message History

Confirm with . or Enter, or press ? or * to list all spells.
The spell is quite dangerous to cast (6% risk of failure)!
Continue anyway?
A film of ice covers your body! The ogre hits you with a +0 giant club!
Ouch! That really hurt!
Casting: Ozocubu's Armour (quite dangerous; 6% risk of failure)
Confirm with . or Enter, or press ? or * to list all spells.
Aiming: Freeze (safe; 1% risk of failure)
Press: ? - help, Shift-Dir - straight line, f - ogre
Aim: an ogre, wielding a +0 giant club (moderately wounded)
You freeze the ogre.
The ogre is heavily wounded.
Casting: Freeze (safe; 1% risk of failure)
Confirm with . or Enter, or press ? or * to list all spells.
Aiming: Freeze (safe; 1% risk of failure)
Press: ? - help, Shift-Dir - straight line, f/p - ogre
Aim: an ogre, wielding a +0 giant club (heavily wounded)
You freeze the ogre!
The ogre is severely wounded.
The ogre hits you with a +0 giant club!
You die...

# #.# ## #.# .###.##
......# #.# #.....# #.#
#.###.#######.#
.##......†..#.#
#..#....###.#.#
##†##...###.#.#######g#
#..##)...##.#........#
.##..##..#......@.#
#.##.##.....#####O#.
#.#..#..##.†# ....
...##...##..## ......#
###.).####...#......l#
#.....# #...........#
#....## #...#..K....#
...).# #.###.......#
###..# #.# ..... ....##
#.# #.## ###.# #.# ...


You could see an ogre, a hobgoblin (asleep) and a frilled lizard (asleep).

Vanquished Creatures
  2 adders (D:2)
  An ooze (D:1)
  3 dart slugs
  A leopard gecko (D:2)
  4 bats
  4 giant cockroaches
  2 hobgoblins
  3 frilled lizards
  7 kobolds
  A rat (D:1)
28 creatures vanquished.

Notes
Turn   | Place    | Note
-------+----------+-------------------------------------------
     0 | D:1      | Gather the Octopode Ice Elementalist began the quest for
                  | the Orb.
     0 | D:1      | Reached XP level 1. HP: 11/11 MP: 3/3
   117 | D:1      | Reached XP level 2. HP: 16/17 MP: 3/5
  1038 | D:2      | Reached skill level 5 in Ice Magic
  1038 | D:2      | Reached XP level 3. HP: 18/21 MP: 2/6
  1043 | D:2      | Learned a level 3 spell: Ozocubu's Armour
  1338 | D:2      | Noticed an ogre
  1410 | D:2      | Slain by an ogre

Illustrated notes

Levels and vault maps discovered:
D:1:      minmay_arrival_four_loops, layout_basic, chequers_mini_garden
D:2:      layout_loops_ring, minmay_pentomino_pile, uniq_crazy_yiuf_cottage

Skill      XL: |  1  2 |
---------------+-------+-----
Ice Magic      | 5 |  5.4
Dodging        | |  2.0
Stealth        | |  2.6
Spellcasting   | |  2.0

Action                   || total
-------------------------++-------
Melee: Unarmed           ||     3
       Constrict         ||     6
       Tentacles         ||     1
       Dagger            ||    16
       Short sword       ||     4
 Cast: Freeze            ||    32
       Ozocubu's Armour  ||     2
 Stab: Sleeping          ||    10
       Distracted        ||     1
Armor: Skin              ||     3
Dodge: Dodged            ||    33

Table legend: (Time is in decaauts)
 A = Elapsed time spent in this place.
 B = Non-inter-level travel time spent in this place.
 C = Inter-level travel time spent in this place.
 D = Time resting spent in this place.
 E = Time spent auto-exploring this place.
 F = Levels seen in this place.
 G = Mean time per level.
                   A        B        C        D        E       F      G
               +--------+--------+--------+--------+--------+-----+--------+
         Total |   1407 |   1397 |     10 |     49 |   1010 |   2 |  703.5 |
       Dungeon |   1407 |   1397 |     10 |     49 |   1010 |   2 |  703.5 |
               +--------+--------+--------+--------+--------+-----+--------+

Top non-repeatable levels by time:
     D:1: 996 daAuts
     D:2: 411 daAuts
